 Dungeon Crawl Stone Soup version 0.19.1 (webtiles) character file.

56 Gargoyl the Skirmisher (level 3, -6/33 HPs)
             Began as a Ghoul Abyssal Knight on Dec 26, 2016.
             Was a Follower of Lugonu.
             Mangled by a river rat (8 damage)
             ... on level 3 of the Dungeon.
             The game lasted 00:04:24 (2188 turns).

Gargoyl the Skirmisher (Ghoul Abyssal Knight)       Turns: 2188, Time: 00:04:25

Health: -6/33      AC:  5    Str: 15    XL:     3   Next: 95%
Magic:  3/3        EV: 10    Int:  7    God:    Lugonu [*.....]
Gold:   186        SH:  0    Dex:  9    Spells: 0 memorised, 2 levels left

rFire  . . .     SeeInvis .     h - +0 broad axe
rCold  + . .     Gourm    .     j - +0 ring mail
rNeg   + + +     Faith    .     (no shield)
rPois  ∞         Spirit   .     (no helmet)
rElec  .         Reflect  .     (no cloak)
rCorr  .         Harm     .     (no gloves)
MR     .....                    (no boots)
Stlth  ..........               (no amulet)
                                (no ring)
                                (no ring)

@: rotting
A: rotting body, claws 1, carnivore 3, cold resistance 1, negative energy
resistance 3, slow regeneration 1, torment resistance, unbreathing
a: Depart the Abyss, Renounce Religion


You were on level 3 of the Dungeon.
You worshipped Lugonu.
Lugonu was aware of your devotion.
You were not hungry.

You visited 1 branch of the dungeon, and saw 3 of its levels.
You visited the Abyss 1 time.

You collected 186 gold pieces.

Inventory:

Hand Weapons
 a - a +1 hand axe
 h - a +0 broad axe (weapon)
 k - a +0 war axe
Armour
 j - a +0 ring mail (worn)
Jewellery
 p - an uncursed ring of protection from magic {unknown}
 v - a +3 ring of protection {unknown}
Wands
 i - a wand of confusion (24/48)
Scrolls
 d - a scroll of blinking {unknown}
 f - a scroll of teleportation {unknown}
 g - 3 scrolls of identify {unknown}
 n - a scroll of fear {unknown}
 s - a scroll of noise {unknown}
Potions
 b - a potion of invisibility {unknown}
 e - a potion of lignification {unknown}
 l - a potion of flight {unknown}
 m - 2 potions of degeneration {unknown}
 o - a potion of magic {unknown}
 q - a potion of heal wounds {unknown}
 t - a potion of curing {unknown}
 w - a potion of mutation {unknown}
Comestibles
 c - 3 meat rations
 r - a slice of pizza
 u - 9 chunks of flesh


   Skills:
 + Level 3.7 Fighting
 + Level 2.6 Axes
 * Level 2.1 Armour
 + Level 1.2 Dodging
 * Level 2.4 Invocations


You had 2 spell levels left.
You didn't know any spells.

Dungeon Overview and Level Annotations

Branches:
Dungeon (3/15)

Altars:
Cheibriados
Dithmenos


Innate Abilities, Weirdness & Mutations

Your body is rotting away.
You thrive on raw meat.
You are immune to poison.
You have sharp fingernails.
You are carnivorous and can eat meat at any time.
Your flesh is cold resistant. (rC+)
You are immune to negative energy. (rN+++)
You regenerate slowly when monsters are visible.
You are immune to unholy pain and torment.
You can survive without breathing.


Message History

The river rat is moderately wounded.
You hear the brisk rusting of a drain nearby.
The river rat closely misses you. The river rat barely misses you.
You hit the river rat.
The river rat is heavily wounded.
The river rat barely misses you.
You hit the river rat but do no damage.
The river rat is heavily wounded.
The river rat barely misses you. The river rat bites you.
* * * LOW HITPOINT WARNING * * *
You barely miss the river rat.
The river rat is heavily wounded.
The river rat bites you.
* * * LOW HITPOINT WARNING * * *
You barely miss the river rat.
The river rat is heavily wounded.
The river rat bites you.
* * * LOW HITPOINT WARNING * * *
The river rat bites you!
You die...

...####.###.##.##++##..#.##.###..
..###...........#≈≈#........(...#
.## #.#........##≈≈##..###...##.#
.# #.##.......#≈≈≈ #..# #.#.....
.# #.##.......#≈≈≈ #..# #...##.#
+## #.##.......##≈r##.## ######..
..###.##........#l≈#..#### #..
...##.##........+##'.....# ##.
....#.......####@r..####.## ##..
.....###....###########...####...
.....+.......................'...
<....###....#####..........###...
....## #.....# #.##.###...# ##..
...## #####.# #.##.# #...# ##.
..## #.# #.##.###...# ## +## #.#
#.##.......# # .###########.#
#.##..###..#


You could see a river rat.

Vanquished Creatures
  An adder (D:2)
  A river rat (D:3)
  2 worms
  A dart slug (D:2)
  2 leopard geckos
  An orc (D:3)
  A bat (D:1)
  2 hobgoblins
  4 jackals (D:3)
  4 goblins
  2 kobolds (D:2)
  7 rats
28 creatures vanquished.

Vanquished Creatures (others)
  8 starspawn tentacles (Abyss:4)
  8 tentacles (Abyss:4)
16 creatures vanquished.

Grand Total: 44 creatures vanquished

Notes
Turn   | Place    | Note
-------+----------+-------------------------------------------
     0 | Abyss:1  | Gargoyl the Ghoul Abyssal Knight began the quest for the Orb.
     0 | Abyss:1  | Reached XP level 1. HP: 19/19 MP: 1/1
   139 | Abyss:3  | Found a corrupted altar of Lugonu.
   150 | Abyss:3  | Noticed a large abomination
   158 | Abyss:4  | Noticed a large abomination
   158 | Abyss:4  | Noticed a tentacled starspawn
   170 | Abyss:4  | Noticed a large abomination
   177 | Abyss:4  | Noticed a kraken
   204 | D:1      | Escaped the Abyss
   607 | D:1      | Reached * piety under Lugonu
   855 | D:1      | Reached XP level 2. HP: 20/26 MP: 2/2
  1202 | D:2      | Found a shadowy altar of Dithmenos.
  1363 | D:2      | Reached skill level 1 in Dodging
  1778 | D:2      | Reached XP level 3. HP: 27/33 MP: 3/3
  2096 | D:3      | Found a snail-covered altar of Cheibriados.
  2188 | D:3      | Mangled by a river rat

Skill      XL: |  1  2 |
---------------+-------+-----
Armour         | 2 |  2.1
Dodging        | 1 |  1.2
Axes           | 2 |  2.6
Fighting       | |  3.7
Invocations    | |  2.4

Action                   || total
-------------------------++-------
Melee: Broad axe         ||    98
Invok: Depart the Abyss  ||     1
  Eat: Chunk             ||     9
Armor: Ring mail         ||    41
       Leather armour    ||     1
Dodge: Dodged            ||    57
